 Dungeon Crawl Stone Soup version 0.27.1-3-gb3d3a73c9e (webtiles) character file.

Game seed: 16984206320772517679

17246 andesha the Carver (level 12, -2/105 HPs)
             Began as a Minotaur Fighter on Oct 15, 2021.
             Was a High Priest of Trog.
             Shot with an arrow by a centaur warrior (5 damage)
             ... in a volcano.
             The game lasted 00:44:01 (9337 turns).

andesha the Carver (Minotaur Fighter)               Turns: 9337, Time: 00:44:01

Health: -2/105     AC: 19    Str: 27    XL:     12   Next: 17%
Magic:  11/11      EV:  7    Int:  5    God:    Trog [*****.]
Gold:   507        SH: 15    Dex:  9    Spells: 11/11 levels left

rFire    . . .     SeeInvis .   t - +5 scimitar
rCold    . . .     Faith    .   c - +2 kite shield
rNeg     + . .     Spirit   .   g - +0 plate armour
rPois    +         Reflect  .   (helmet restricted)
rElec    .         Harm     .   k - +0 cloak
rCorr    .         Rampage  .   n - +0 pair of gloves
Will     .....                  e - +0 pair of boots
Stlth    ..........             f - amulet of regeneration
HPRegen  1.27/turn              b - ring of poison resistance
MPRegen  0.12/turn              s - ring of positive energy

@: flying
A: horns 2, retaliatory headbutt, talons 1
a: Renounce Religion, Berserk, Trog's Hand, Brothers in Arms


You were in a volcano.
You worshipped Trog.
Trog was extremely pleased with you.
You visited 2 branches of the dungeon, and saw 13 of its levels.
You also visited: Ossuary and Volcano.

You collected 622 gold pieces.
You spent 115 gold pieces at shops.

Inventory:

Hand Weapons
 t - a +5 scimitar (weapon)
Armour
 c - a +2 kite shield (worn)
 e - a +0 pair of boots (worn)
 g - a +0 plate armour (worn)
 k - a +0 cloak (worn)
 n - a +0 pair of gloves (worn)
Jewellery
 b - a ring of poison resistance (left hand)
 f - an amulet of regeneration (around neck)
 s - a ring of positive energy (right hand)
Scrolls
 i - 2 scrolls of identify
 l - a scroll of summoning
 m - 3 scrolls of teleportation
 r - a scroll of fog
Potions
 d - a potion of might
 h - 2 potions of invisibility
 j - 2 potions of flight
 o - 4 potions of curing
 p - a potion of ambrosia
 q - a potion of haste
Miscellaneous
 a - a phial of floods


   Skills:
 + Level 9.4 Fighting
 * Level 9.7(12.0) Short Blades
 + Level 12.6(13.9) Long Blades
 + Level 10.3 Armour
 + Level 2.0 Dodging
 + Level 11.9 Shields


You had 11 spell levels left.
You didn't know any spells.
Your spell library contained the following spells:

 Spells                   Type           Power      Damage    Failure   Level
 Corpse Rot               Necr/Air       N/A        N/A       100%        2
 Conjure Flame            Conj/Fire      0%         6-21      100%        3
 Ignite Poison            Fire/Tmut/Pois 0%         N/A       100%        3
 Dispel Undead            Necr           0%         3d6       100%        4
 Sticky Flame             Conj/Fire      0%         2d3       100%        4
 Death Channel            Necr           0%         N/A       100%        6


Dungeon Overview and Level Annotations

Branches:
Dungeon (11/15)            Temple (0/1) D:6            Lair (2/6) D:10
    Orc (0/2) D:9         Ossuary (visited)         Volcano (1/1)
  Swamp: Lair:2-4    Shoals: Lair:2-4     Snake: Lair:2-4    Spider: Lair:2-4

Altars:
Ashenzari
Cheibriados
Dithmenos
Elyvilon
Fedhas
Gozag
Kikubaaqudgha
Nemelex Xobeh
Okawaru
Trog
Wu Jian
Xom
Zin

Shops:
D:8 *   D:10 !::**   D:11 *


Innate Abilities, Weirdness & Mutations

You have a pair of horns on your head.
You reflexively headbutt those who attack you in melee.
You have sharp toenails.


Message History

Found a rocky tunnel leading out of this place.
There is a rock-blocked tunnel here.
A centaur warrior comes into view.
It is wielding a +0 shortbow of flaming.
Found 22 gold pieces, 2 fuming sapphire potions and a battleaxe of flaming.
The centaur warrior shoots an arrow.
You block the arrow.
The centaur warrior shoots an arrow.
You block the arrow.
No reachable target in view!
The centaur warrior shoots an arrow.
You block the arrow.
Hit: t) +5 scimitar
Press: ? - help, Dir - move target, f - you
Okay, then.
The centaur warrior shoots an arrow.
The arrow hits you! The arrow burns you.
The centaur warrior shoots an arrow.
The arrow hits you. The arrow burns you.
Found a radiant altar of Vehumet.
The centaur warrior shoots an arrow.
The arrow hits you! The arrow burns you.
Found a longbow of flaming and 8 gold pieces.
The red draconian roars!
The centaur warrior shoots an arrow.
The arrow barely misses you.
The centaur warrior shoots an arrow.
The arrow hits you! The arrow burns you.
You feel very buoyant.
You fly up into the air.
The centaur warrior shoots an arrow.
You block the arrow.
Press: ? - help, v - describe, . - travel
Here: a centaur warrior, wielding a +0 shortbow of flaming and quivering arrows The floor.
The centaur warrior shoots an arrow.
The arrow hits you. The arrow burns you.
The centaur warrior shoots an arrow.
The arrow hits you!! The arrow burns you!
The centaur warrior shoots an arrow.
The arrow hits you!
* * * LOW HITPOINT WARNING * * *
The arrow burns you.
* * * LOW HITPOINT WARNING * * *
The centaur warrior shoots an arrow.
You block the arrow.
The centaur warrior shoots an arrow.
You block the arrow.
The centaur warrior shoots an arrow.
You block the arrow.
The air gets thick with the scent of sulphur.
The centaur warrior shoots an arrow.
The arrow hits you but does no damage.
The centaur warrior shoots an arrow.
The arrow hits you!
* * * LOW HITPOINT WARNING * * *
The arrow burns you.
You die...

#...d.# #######
+)!.$!+ #..≈c.#
#8≈≈≈8# +..≈..+
+.....+ ≈#
#8...8# #≈
§§###...@.###§≈
≈≈§≈≈.....≈§§§§
#§§§§8...8≈≈≈≈≈≈
###≈§.....≈≈§≈≈#
#§≈.....≈§§###
##≈8...8≈§§#
##.....####
#.....# #8...8#


You could see a centaur warrior.

Vanquished Creatures
  A two-headed ogre (D:9)
  A cane toad (Lair:1)
  2 unseen horrors (D:10)
  A rime drake (Lair:1)
  3 komodo dragons (Lair:1)
  4 trolls
  A hornet (D:9)
  Grinder (D:4)
  3 blink frogs (Lair:1)
  A shadow (D:9)
  A vampire (D:10)
  32 yaks
  5 wyverns (D:10)
  4 steam dragons
  Menkaure (D:6)
  4 wargs (D:9)
  An acid dragon (D:9)
  6 water moccasins
  A sky beast (D:8)
  An orc warrior (D:6)
  An ice beast (D:3)
  3 wolves (Lair:1)
  An ogre (D:5)
  6 centaurs
  2 kobold brigands
  4 bullfrogs
  2 gnoll sergeants
  A wyvern zombie (D:8)
  2 scorpions
  7 water moccasin zombies (Ossuary)
  8 wights
  3 howler monkeys
  8 centaur zombies
  8 crimson imps (D:10)
  A lava snake (D:8)
  4 hounds
  3 jellies
  An orc priest (D:10)
  Ijyb (D:5)
  6 iguanas
  7 orc wizards
  2 killer bee zombies
  A hound skeleton (D:4)
  2 mummies (Ossuary)
  15 gnolls
  A howler monkey skeleton (D:4)
  6 adders
  2 shadow imps
  A white imp (D:7)
  An ufetubus (D:7)
  2 adder zombies (Ossuary)
  6 dart slugs
  13 orcs
  4 endoplasms
  7 giant cockroaches
  A gnoll zombie (Ossuary)
  8 goblins
  10 hobgoblins
  4 jackals
  7 quokkas
  8 ball pythons
  5 bats
  6 frilled lizards
  5 hobgoblin zombies (Ossuary)
  18 kobolds
  4 kobold zombies (Ossuary)
  6 orc zombies (Ossuary)
  10 rats
308 creatures vanquished.

Vanquished Creatures (others)
  A shadow (D:11)
  A bullfrog (D:8)
  A goblin (D:3)
  2 fungi (D:10)
  13 plants
18 creatures vanquished.

Grand Total: 326 creatures vanquished

Notes
Turn   | Place    | Note
-------+----------+-------------------------------------------
     0 | D:1      | andesha the Minotaur Fighter began the quest for the Orb.
     0 | D:1      | Reached XP level 1. HP: 19/19 MP: 0/0
    74 | D:1      | Reached XP level 2. HP: 13/27 MP: 1/1
   891 | D:2      | Gained mutation: You have sharp toenails. [potion of
                  | mutation]
   897 | D:2      | Reached XP level 3. HP: 32/32 MP: 2/2
  1126 | D:2      | Reached XP level 4. HP: 28/41 MP: 3/3
  1300 | D:2      | Reached skill level 1 in Short Blades
  1559 | D:3      | Reached skill level 3 in Long Blades
  1614 | D:3      | Found an iron altar of Okawaru.
  1858 | D:3      | Found an ornate altar of the Wu Jian Council.
  1864 | D:3      | Noticed a spectral centipede
  1864 | D:3      | Noticed a spectral black mamba
  1864 | D:3      | Noticed a spectral cane toad
  1923 | D:3      | Noticed an ice beast
  1962 | D:3      | Killed an ice beast
  1963 | D:3      | Reached skill level 1 in Dodging
  1963 | D:3      | Reached XP level 5. HP: 35/47 MP: 4/4
  2149 | D:3      | Reached skill level 4 in Long Blades
  2282 | D:3      | Found a bloodstained altar of Trog.
  2312 | D:3      | Became a worshipper of Trog the Wrathful
  2382 | D:4      | Found a sand-covered staircase.
  2387 | Ossuary  | Entered an ossuary
  2436 | Ossuary  | Reached XP level 6. HP: 47/55 MP: 5/5
  2443 | Ossuary  | Reached skill level 5 in Armour
  2455 | Ossuary  | Reached skill level 5 in Shields
  2503 | Ossuary  | Reached skill level 5 in Long Blades
  2515 | Ossuary  | Reached skill level 5 in Fighting
  2515 | Ossuary  | Reached XP level 7. HP: 61/61 MP: 6/6
  2580 | Ossuary  | Reached * piety under Trog
  2726 | D:4      | Reached skill level 6 in Long Blades
  2878 | D:4      | Noticed Grinder
  2892 | D:4      | Paralysed by Grinder for 2 turns
  2915 | D:4      | Killed Grinder
  2916 | D:4      | Reached XP level 8. HP: 61/69 MP: 7/7
  3092 | D:4      | Reached skill level 7 in Long Blades
  3391 | D:5      | Entered Level 5 of the Dungeon
  3428 | D:5      | Noticed Ijyb
  3439 | D:5      | Paralysed by Ijyb for 5 turns
  3444 | D:5      | Killed Ijyb
  3517 | D:5      | Reached ** piety under Trog
  4035 | D:5      | Found a shadowy altar of Dithmenos.
  4091 | D:5      | Found a glowing silver altar of Zin.
  4365 | D:6      | Reached skill level 5 in Short Blades
  4365 | D:6      | Reached skill level 8 in Long Blades
  4365 | D:6      | Reached XP level 9. HP: 78/78 MP: 8/8
  4451 | D:6      | Found a staircase to the Ecumenical Temple.
  4697 | D:6      | Found a white marble altar of Elyvilon.
  4796 | D:6      | Noticed Menkaure
  4802 | D:6      | Killed Menkaure
  4983 | D:7      | Reached *** piety under Trog
  5107 | D:7      | Found a snail-covered altar of Cheibriados.
  5137 | D:7      | Reached skill level 9 in Long Blades
  5445 | D:8      | Found Isexkoydgh's Assorted Antiques.
  5454 | D:8      | Bought a thick jasper amulet for 115 gold pieces
  5473 | D:8      | Found an opulent altar of Gozag.
  5507 | D:8      | Found a blossoming altar of Fedhas.
  5615 | D:8      | Reached XP level 10. HP: 86/86 MP: 9/9
  6020 | D:8      | Found a shimmering altar of Xom.
  6188 | D:9      | Reached skill level 10 in Long Blades
  6335 | D:9      | Found a staircase to the Orcish Mines.
  6379 | D:9      | Reached **** piety under Trog
  6419 | D:9      | Noticed a two-headed ogre
  6437 | D:9      | Killed a two-headed ogre
  6438 | D:9      | Reached skill level 10 in Shields
  6719 | D:9      | Found an ancient bone altar of Kikubaaqudgha.
  6997 | D:10     | Entered Level 10 of the Dungeon
  7067 | D:10     | Found Joxoonox's Assorted Antiques.
  7092 | D:10     | Reached XP level 11. HP: 81/94 MP: 10/10
  7137 | D:10     | Reached skill level 11 in Long Blades
  7153 | D:10     | Identified the +0 chain mail of Creativity {+Blink rElec
                  | rC- Dex+7}
  7192 | D:10     | Found a broken altar of Ashenzari.
  7192 | D:10     | Found a sparkling altar of Nemelex Xobeh.
  7256 | D:10     | Found a staircase to the Lair.
  7300 | D:10     | Found Yshoygro's Book Boutique.
  7480 | D:10     | Found Oruiteig's General Store.
  7586 | D:10     | Reached ***** piety under Trog
  7607 | D:10     | Found Jujuddur's Book Boutique.
  7745 | D:10     | Found Zayloz's Distillery.
  7966 | D:11     | Found Teckoi's General Store.
  8022 | D:11     | Noticed a death knight
  8022 | D:11     | Noticed a phantasmal warrior
  8022 | D:11     | Noticed a skeletal warrior
  8050 | Lair:1   | Entered Level 1 of the Lair of Beasts
  8355 | Lair:1   | Reached skill level 12 in Long Blades
  8837 | Lair:2   | Reached skill level 10 in Armour
  8911 | Lair:2   | Reached XP level 12. HP: 99/104 MP: 11/11
  9295 | Lair:2   | Found a dark tunnel.
  9310 | Volcano  | Entered a volcano
  9326 | Volcano  | Noticed a centaur warrior
  9330 | Volcano  | Found a radiant altar of Vehumet.
  9331 | Volcano  | Noticed a red draconian
  9337 | Volcano  | HP: 3/105 [centaur warrior/arrow (17)]
  9337 | Volcano  | Shot with an arrow by a centaur warrior

Illustrated notes

Levels and vault maps discovered:
D:1:      grunt_arrival_lava_bath, layout_loops_cross, minmay_misc_feat_square,
          grunt_decor_arrowhead
D:2:      minmay_angry_zag, layout_basic
D:3:      layout_basic, lemuel_tele_altar, trog_hazing_becter,
          pdpol_wu_jian_five_deadly_venoms, gup_sewer_entry_pipe,
          minmay_joined_circles
D:4:      layout_gridville, enter_ossuary_2, hangedman_decor_growths,
          uniq_grinder
D:5:      layout_loops_ring, lemuel_round_altar, grunt_dithmenos_smoke,
          uniq_ijyb
D:6:      layout_rooms, mainiacjoe_overflow_boulevard,
          minmay_temple_entry_junction, serial_bayou_lagoon_a,
          amcnicky_mini_pool_small, uniq_menkaure
D:7:      layout_rooms, kennysheep_slug_shrine
D:8:      layout_basic, fedhas_altar_2, old_standard_altar, tgw_xom,
          serial_shops, kennysheep_little_box, kennysheep_another_room
D:9:      layout_long_grid, nicolae_overflow_hidden_temple,
          minmay_orc_entry_guard_dogs, serial_park_tiny_1,
          minmay_fractal_squares_5
D:10:     layout_basic, gammafunk_temple_overflow_statue,
          minmay_lair_entry_grove, serial_shops,
          nicolae_shop_temple_entry_statues_fountains, nicolae_diamond_shop,
          kennysheep_mini_moat, shop, shop, minmay_nine_imps
D:11:     cheibrodos_elevator_heist, layout_loops_corners, serial_shops, shop,
          ebering_ghost_disaster_area, corexii_leaking_fountain, uniq_snorg
Lair:1:   layout_cellular_growth, serial_bayou_shore_b
Lair:2:   layout_roguey, enter_volcano_2, serial_bayou_pond_e,
          grunt_megastairs_4
Volcano:  kennysheep_volcano_temple

Skill      XL: |  1  2  3  4  5  6  7  8  9 10 11 |
---------------+----------------------------------+-----
Armour         | 4 5 6 7 9 10 | 10.3
Fighting       | 4 5 6 7 8 9 |  9.4
Shields        | 4 5 6 7 9 10 11 | 11.9
Short Blades   | 1 2 3 5 6 8 9 |  9.7
Long Blades    | 3 4 5 6 8 9 10 12 | 12.6
Dodging        | 1 2 |  2.0

Action                   |  1- 3 |  4- 6 |  7- 9 | 10-12 || total
-------------------------+-------+-------+-------+-------++-------
Melee: Long sword        |    61 |   185 |   379 |       ||   625
       Headbutt          |     8 |    21 |    94 |    84 ||   207
       Kick              |     6 |    18 |       |       ||    24
       Scimitar          |       |       |    49 |   455 ||   504
Invok: Berserk           |       |       |     3 |     1 ||     4
  Use: Potion            |     1 |     2 |     7 |     3 ||    13
       Scroll            |       |     6 |    12 |     5 ||    23
Armor: Scale mail        |    28 |     6 |       |       ||    34
       Plate armour      |       |    79 |   269 |   246 ||   594
Dodge: Dodged            |    29 |    30 |    89 |   109 ||   257
Block: Kite shield       |    26 |   110 |   298 |   344 ||   778
       Rpst.: Long sword |     7 |     8 |    17 |       ||    32
       Scimitar          |       |       |       |    25 ||    25
